AoeStats
← maxicandiaampuero

Arabia

509944235Analyzed
1v1 RM · 5d ago on Sep 28, 2026· 20m 23s· 2 players
Game mode
Random Map
Map size
Tiny (2 player)
Population
200
Speed
Normal
Resources
Standard
Victory
Conquest
Starting age
Dark Age
Ending age
Imperial Age
RankedLock teamsTeams togetherTeam positionsShared explorationLock speedFull tech treeHidden civsTurbo modeCheats
Victory
Defeat
🇨🇱 Britons · Chile
993
+15
🇮🇹 Magyars · Italy
974
-15
ditremetal
7:19 Loom
9:52 Feudal Age
10:27 Double-Bit Axe
11:02 Horse Collar
15:28 Scale Barding Armor
18:38 Wheelbarrow
maxicandiaampuero
0:42 Loom
15:27 Feudal Age
16:14 Horse Collar
17:09 Double-Bit Axe
17:17 Gold Mining
18:09 Stone Mining
Connection lost

Rejoining the realm…

Still unreachable

The connection could not be restored.

Session expired

The server has moved on; the page needs a fresh start.